Map: Galactic Process LE

Players

Gracz - Winner!

  • Race: Terran Terran
  • League: Silver

Zor

  • Race: Terran Terran

VOD

Have the link to the VOD?

Description

Time

  • Played on: Oct. 31, 2016, 12:52 p.m.
  • Length: 12:12
Show
View Real Time Build Order
Export as new Build Order

Gracz Terran - Winner!

Build Orders: 1/1/1, MMM Bio 

Get SALT Encoding   

  12  0:01  SCV  
  13  0:16  Supply Depot  
  13  0:18  SCV  
  14  0:27  Refinery  
  14  0:30  SCV  
  15  0:43  Barracks  
  15  0:47  SCV  
  16  1:05  SCV  
  16  1:11  Barracks  
  17  1:15  Refinery  
  17  1:17  SCV  
  18  1:38  Factory  
  18  1:45  SCV  
  19  1:57  Reaper  
  19  1:59  Barracks Tech Lab  
  20  2:04  Orbital Command  
  20  2:23  Starport  
  20  2:24  Factory Tech Lab  
  20  2:38  SCV  
  20  2:40  Barracks Reactor  
  21  2:48  Supply Depot x2  
  21  2:50  SCV  
  21  3:23  Starport Reactor, Starport  
  21  3:26  Marauder  
  23  3:34  SCV  
  23  3:37  Unknown, Command Center  
  23  3:38  Stimpack  
  24  3:46  SCV  
  25  3:57  Cyclone  
  29  4:05  Starport Tech Lab  
  29  4:18  Marine, Marauder  
  29  4:19  Marine  
  33  4:35  Cyclone  
  37  4:43  Mag-Field Accelerator  
  37  4:49  Unknown  
  37  4:51  Orbital Command  
  37  5:00  Marine x2  
  37  5:01  Marauder  
  37  5:02  Refinery  
  41  5:15  Orbital Command  
  41  5:19  Fusion Core  
  41  5:31  SCV  
  42  5:35  Supply Depot  
  42  5:38  Medivac  
  44  5:43  SCV  
  45  5:55  SCV  
  46  5:57  SCV  
  46  6:03  Supply Depot  
  47  6:07  Cyclone  
  47  6:08  SCV  
  47  6:09  SCV  
  53  6:19  Marauder  
  53  6:20  Marine x2, SCV  
  53  6:21  SCV  
  59  6:30  Combat Shields  
  59  6:36  Engineering Bay  
  59  6:38  SCV x2  
  61  6:55  Refinery, SCV x2  
  63  7:04  Supply Depot  
  63  7:07  Engineering Bay, Weapon Refit, SCV  
  64  7:14  Marine x2, Marauder  
  68  7:20  Supply Depot  
  68  7:25  Cyclone  
  72  7:34  Battlecruiser  
  78  7:46  Terran Infantry Weapons Level 1  
  52  8:28  Marine x2, Marauder  
  52  8:31  Barracks  
  52  8:32  Medivac x2  
  60  8:35  SCV x2  
  60  8:36  Starport  
  60  8:40  Terran Infantry Armor Level 1  
  62  8:49  Marine x2  
  62  8:50  Marauder  
  66  8:57  Behemoth Reactor  
  66  9:16  Battlecruiser, Starport Tech Lab  
  72  9:20  Barracks Reactor  
  72  9:22  Barracks  
  72  9:27  Barracks  
  72  9:31  Factory  
  72  9:37  Supply Depot  
  72  9:45  Unknown, Command Center  
  72  9:47  Armory  
  72  9:56  Concussive Shells, Marine x2  
  72  9:58  Marauder  
  72  9:59  Cyclone  
  80  10:00  Medivac  
  82  10:12  Marine  
  82  10:13  Marine  
  84  10:15  Marine  
  85  10:33  Marine  
  86  10:40  Factory Tech Lab  
  86  10:41  Barracks Tech Lab  
  86  10:51  SCV x2  
  86  10:56  Unknown  
  88  11:03  SCV x2  
Show
View Real Time Build Order
Export as new Build Order

Zor Terran 

Build Orders:  

Get SALT Encoding   

  12  0:02  SCV  
  14  0:14  SCV  
  14  0:23  Supply Depot  
  14  0:26  SCV  
  15  0:40  Refinery  
  15  0:50  Barracks  
  15  0:52  SCV  
  16  1:05  SCV  
  17  1:17  Refinery, SCV  
  18  1:29  SCV  
  19  1:39  Barracks Reactor  
  19  1:41  SCV  
  19  1:45  Supply Depot  
  20  1:53  SCV  
  21  2:05  SCV  
  22  2:15  Engineering Bay  
  22  2:16  Marine x2  
  22  2:17  SCV  
  25  2:29  SCV  
  26  2:34  Marine x2  
  26  2:35  Supply Depot  
  28  2:44  Orbital Command  
  28  2:52  Marine x2  
  30  3:04  Sensor Tower  
  30  3:09  Marine  
  31  3:51  Marine x2  
  33  4:00  Factory  
  33  4:09  Bunker, Marine x2  
  35  4:19  SCV  
  36  4:27  Marine x2  
  38  4:32  SCV  
  38  4:35  Unknown, Command Center  
  39  4:56  Supply Depot, Refinery, Factory Tech Lab  
  39  5:13  Refinery  
  39  5:17  Marine x2, SCV  
  42  5:29  Supply Depot, SCV  
  43  5:41  SCV  
  44  5:46  Unknown  
  44  5:50  SCV  
  44  5:53  SCV  
  46  6:02  SCV  
  47  6:06  SCV  
  48  6:15  SCV  
  48  6:18  SCV  
  50  6:20  Siege Tank  
  53  6:27  SCV  
  53  6:30  SCV  
  53  6:31  Starport  
  55  6:39  SCV  
  56  6:42  SCV  
  57  6:51  SCV  
  57  6:52  Siege Tank  
  61  6:56  Marine x2  
  63  7:03  SCV  
  63  7:07  Barracks  
  64  7:14  Starport Reactor, Marine x2  
  64  7:15  SCV  
  67  7:19  Starport  
  67  7:24  Siege Tank  
  70  7:37  Supply Depot  
  70  7:43  Marine x2, SCV  
  73  7:53  Viking  
  73  7:54  Viking  
  73  7:55  SCV  
  78  7:59  Siege Tank  
  78  8:00  Marine x2  
  83  8:07  SCV  
  76  8:19  SCV  
  70  8:23  Viking x2  
  74  8:31  Siege Tank  
  77  8:53  Medivac x2  
  81  9:03  Siege Tank  
  81  9:08  Sensor Tower  
  84  9:15  Marine  
  84  9:16  Marine  
  86  9:21  Barracks Tech Lab  
  86  9:25  Starport Tech Lab  
  86  9:38  Supply Depot  
  86  9:53  Factory  
  86  10:00  Marine x2, Medivac, Viking  
  92  10:18  Marine x2  
  94  10:35  Marine x2  
  96  11:14  Factory Reactor  
  96  11:18  Armory  
  85  11:37  Fusion Core  
Tags
 
Add a new tag
Caveats
  • Supply blocks, unpowered buildings, or Contaminate may cause inaccurate times.
  • Supply counts are checked every 10 seconds.